 Dungeon Crawl Stone Soup version 0.18.1-2-ga659475 (webtiles) character file.

97 dvd the Insei (level 4, -1/32 HPs)
             Began as a Merfolk Transmuter on May 8, 2016.
             Slain by a gnoll
             ... wielding a +0 spear
              (7 damage)
             ... on level 3 of the Dungeon.
             The game lasted 00:05:26 (2670 turns).

dvd the Insei (Merfolk Transmuter)                  Turns: 2670, Time: 00:05:28

Health: -1/32      AC:  2    Str: 10    XL:     4   Next: 68%
Magic:  5/7        EV: 13    Int: 13    God:
Gold:   131        SH:  0    Dex: 14    Spells: 2 memorised, 3 levels left

rFire  . . .     SeeInvis .       - Unarmed
rCold  . . .     Gourm    .     b - +0 robe
rNeg   . . .     Faith    .     (no shield)
rPois  .         Spirit   .     (no helmet)
rElec  .         Dismiss  .     (no cloak)
rCorr  .         Reflect  .     (no gloves)
SustAt .         Harm     .     (no boots)
MR     .....                    (no amulet)
Stlth  ++........               (no ring)
                                (no ring)

@: not resistant to hostile enchantments, unstealthy
A: change form in water, swift swim
a: no special abilities


You were on level 3 of the Dungeon.
You were not hungry.

You visited 1 branch of the dungeon, and saw 3 of its levels.

You collected 131 gold pieces.

Inventory:

Missiles
 a - 64 arrows
 m - 3 tomahawks (quivered)
Armour
 b - a +0 robe (worn)
Scrolls
 j - 3 scrolls of remove curse {unknown}
 k - 2 scrolls of teleportation {unknown}
 l - 2 scrolls of identify {unknown}
 n - a scroll of enchant weapon {unknown}
 p - a scroll of amnesia {unknown}
Potions
 e - 2 potions of brilliance {unknown}
 g - a potion of cure mutation {unknown}
 h - a potion of lignification {unknown}
 i - a potion of berserk rage {unknown}
 r - a potion of flight {unknown}
Books
 c - a book of Changes

   Spells                             Type                      Level
   a - Beastly Appendage              Transmutation                1
   b - Sticks to Snakes               Transmutation                2
   c - Spider Form                    Transmutation/Poison         3
   d - Ice Form                       Ice/Transmutation            4
   e - Blade Hands                    Transmutation                5
Comestibles
 d - 2 bread rations
 f - a meat ration
 o - 2 beef jerkies


   Skills:
 + Level 1.5 Fighting
 + Level 3.7 Dodging
 + Level 1.2 Stealth
 + Level 4.1 Unarmed Combat
 + Level 2.3 Spellcasting
 + Level 3.6 Transmutations


You had 3 spell levels left.
You knew the following spells:

 Your Spells              Type           Power        Failure   Level  Hunger
a - Beastly Appendage     Trmt           ##....       8%          1    #......
b - Spider Form           Trmt/Pois      #.........   38%         3    ###....


Dungeon Overview and Level Annotations

Branches:
Dungeon (3/15)

Altars:
Zin


Message History

The gnoll hits you but does no damage. The gnoll completely misses you.
The gnoll misses you.
Unknown command.
You hit the gnoll.
The gnoll is lightly wounded.
The gnoll barely misses you. The gnoll closely misses you.
The gnoll misses you.
You bite the gnoll!
You kill the gnoll!
Your Stealth skill increases to level 1!
The gnoll barely misses you.
Unknown command.
The gnoll completely misses you. x2
You see here a halberd.
You barely miss the gnoll.
Your transformation has ended.
Your +0 robe unmelds from your body.
The gnoll hits you with a halberd!
* * * LOW HITPOINT WARNING * * *
The gnoll hits you with a spear!
You die...

##..# ###.# #.. ###.#
#.# .#..# #.# ...##
#.# #.# ##.# #.# #..
#.######### #.# ..
##.........# #g# #.#
...#############@##..#
...# #......g#.####.#
#..#
#######.).........#
...# ###..........#
...## ###............#
.#<.#
##...#..........#
(##.#
#..###..........#####
<(..#
##.##...#.####.....#..
##..#
#..##.###.###.........


You could see 2 gnolls.

Vanquished Creatures
  2 gnolls (D:3)
  An adder (D:3)
  3 worms
  2 dart slugs
  4 giant geckos
  An orc (D:3)
  6 giant cockroaches
  2 goblins
  8 hobgoblins
  3 jackals (D:1)
  5 bats
  4 giant newts
  5 kobolds
  6 rats
52 creatures vanquished.

Notes
Turn   | Place    | Note
--------------------------------------------------------------
     0 | D:1      | dvd the Merfolk Transmuter began the quest for the Orb.
     0 | D:1      | Reached XP level 1. HP: 15/15 MP: 3/3
    33 | D:1      | Reached XP level 2. HP: 16/21 MP: 3/5
   340 | D:1      | Reached XP level 3. HP: 21/26 MP: 6/6
   631 | D:2      | Learned a level 3 spell: Spider Form
  1733 | D:2      | Reached skill level 4 in Unarmed Combat
  2158 | D:3      | Reached XP level 4. HP: 31/32 MP: 2/7
  2590 | D:3      | Found a glowing silver altar of Zin.
  2668 | D:3      | Reached skill level 1 in Stealth
  2670 | D:3      | Slain by a gnoll

Skill      XL: |  1  2  3  4 |
---------------+-------------+-----
Transmutations | 3 |  3.6
Dodging        | 3 |  3.7
Unarmed Combat | 4 |  4.1
Stealth        | 1 |  1.2
Fighting       | |  1.5
Spellcasting   | |  2.3

Action                   |  1- 3 |  4- 6 || total
-------------------------+-------+-------++-------
Melee: Unarmed           |   128 |    33 ||   161
       Headbutt          |    20 |       ||    20
       Punch             |     1 |       ||     1
 Cast: Beastly Appendage |    25 |     2 ||    27
       Spider Form       |     1 |     4 ||     5
 Stab: Distracted        |     1 |       ||     1
  Eat: Chunk             |     5 |     2 ||     7
Armor: Robe              |    14 |     2 ||    16
       Skin              |       |     1 ||     1
Dodge: Dodged            |    69 |    35 ||   104
